 Dungeon Crawl Stone Soup version 0.19.5 (webtiles) character file.

10318 Santreim the Cleaver (level 11, -1/85 HPs)
             Began as a Minotaur Fighter on Mar 9, 2017.
             Was an Elder of the Shining One.
             Killed by divine providence
             ... invoked by an orc high priest
              (15 damage)
             ... on level 2 of the Orcish Mines.
             The game lasted 01:04:41 (9484 turns).

Santreim the Cleaver (Minotaur Fighter)             Turns: 9484, Time: 01:04:42

Health: -1/85      AC: 19    Str: 27    XL:     11   Next: 34%
Magic:  10/10      EV:  8    Int:  8    God:    the Shining One [****..]
Gold:   890        SH: 22    Dex: 10    Spells: 0 memorised, 10 levels left

rFire  . . .     SeeInvis .     u - +4 war axe
rCold  + . .     Gourm    .     T - +0 plate armour {rC+}
rNeg   + + .     Faith    .     c - +0 shield
rPois  .         Spirit   .     (helmet restricted)
rElec  .         Reflect  +     j - +1 cloak
rCorr  .         Harm     .     M - +0 pair of gloves
MR     ++...                    x - +0 pair of boots
Stlth  ..........               k - +4 amulet of reflection
                                s - +3 ring of strength
                                z - ring of the Mage {Wiz MR++ Int+3}

@: divine shield, glowing
A: retaliatory headbutt, horns 2, frail 1, regeneration 1, screaming 1
a: Divine Shield, Cleansing Flame, Renounce Religion


You were on level 2 of the Orcish Mines.
You worshipped the Shining One.
The Shining One was greatly pleased with you.
You were hungry.

You visited 2 branches of the dungeon, and saw 11 of its levels.
You also visited: Labyrinth.

You collected 890 gold pieces.

Inventory:

Hand Weapons
 p - a +0 battleaxe
 u - a +4 war axe (weapon)
 I - the +8 hand axe "Vuseerot" {venom, *Contam +Blink Str+7 Stlth+}
   (You found it on level 7 of the Dungeon)

   It poisons the flesh of those it strikes.
   It affects your strength (+7).
   It lets you blink.
   It causes magical contamination when unequipped.
   It makes you more stealthy.
   The Shining One disapproves of the use of such an item.
 S - a +1 war axe
 Z - a +1 falchion of electrocution
Missiles
 g - 5 tomahawks of returning (quivered)
Armour
 c - a +0 shield (worn)
 j - a +1 cloak (worn)
 x - a +0 pair of boots (worn)
 M - a +0 pair of gloves (worn)
 R - the cursed +0 pair of boots of the Game Afoot {rElec rC+}
   (You found it in a labyrinth)

   It protects you from cold.
   It insulates you from electricity.
   It has a curse placed upon it.
 T - a +0 plate armour of cold resistance (worn)
Magical Staves
 m - an uncursed staff of death {unknown}
Rods
 L - a +2 rod of clouds (12/12)
   (You found it in a labyrinth)
Jewellery
 k - a +4 amulet of reflection (around neck)
 n - a +3 ring of dexterity
 r - an uncursed ring of protection from cold
 s - a +3 ring of strength (right hand)
 y - an uncursed ring of protection from cold
 z - the ring of the Mage (left hand) {Wiz MR++ Int+3}
   (You found it in a labyrinth)

   [ring of wizardry]

   It improves your spell success rate.
   It affects your intelligence (+3).
   It affects your resistance to hostile enchantments.
 E - an uncursed amulet of the gourmand
 F - the amulet "Roso" {Spirit -Tele Int+2 Dex+4}
   (You found it in a labyrinth)

   [amulet of guardian spirit]

   It causes incoming damage to be split between your health and magic.
   It affects your intelligence (+2).
   It affects your dexterity (+4).
   It prevents most forms of teleportation.
 J - an uncursed amulet of rage
Wands
 l - a wand of disintegration (8/24)
 t - a wand of lightning (5/15)
 v - a wand of disintegration (14/24)
 H - a wand of lightning (4/15)
 Q - a wand of slowing (42/48)
 U - a wand of random effects (27/48)
Scrolls
 w - a scroll of fear
 A - 4 scrolls of teleportation
 C - 2 scrolls of fog
 N - 2 scrolls of identify
 O - 4 scrolls of remove curse
 P - a scroll of recharging
Potions
 a - 3 potions of cure mutation
 d - 3 potions of might
 e - a potion of invisibility
 h - 3 potions of brilliance
 D - a potion of lignification
Books
 b - the Volume of Poisonous Evil Magic
   (You found it in a labyrinth)

   Spells                             Type                      Level
   a - Regeneration                   Charms/Necromancy            3
   b - Ignite Poison                  Fire/Transmutation/Poison    3
   c - Vampiric Draining              Necromancy                   3
   d - Control Undead                 Necromancy                   4
   e - Poisonous Cloud                Conjuration/Poison/Air       6
   The Shining One disapproves of the use of such an item.
 B - a book of the Warp

   Spells                             Type                      Level
   a - Gell's Gravitas                Hexes/Translocation          3
   b - Portal Projectile              Translocation                3
   c - Force Lance                    Conjuration/Translocation    4
   d - Dispersal                      Translocation                6
   e - Controlled Blink               Translocation                8
   f - Disjunction                    Translocation                8
Comestibles
 f - 11 bread rations
 i - 2 royal jellies
 o - 2 slices of pizza
 K - 2 meat rations
 V - 4 beef jerkies


   Skills:
 + Level 8.5 Fighting
 + Level 14.5 Axes
 + Level 8.5 Armour
 + Level 3.7 Dodging
 + Level 1.3 Stealth
 + Level 10.3 Shields
 + Level 0.4 Invocations


You had 10 spell levels left.
You didn't know any spells.

Dungeon Overview and Level Annotations

Branches:
Dungeon (9/15)             Temple (0/1) D:4             Orc (2/2) D:9
    Elf (0/3) Orc:2
   Lair: D:8-11

Altars:
Elyvilon
Fedhas
Gozag
Hepliaklqana
Kikubaaqudgha
Makhleb
Qazlal
Ru
Trog
Uskayaw
Zin
The Shining One
Beogh


Innate Abilities, Weirdness & Mutations

You reflexively headbutt those who attack you in melee.
You have a pair of horns on your head.
You are frail. (-10% HP)
Your natural rate of healing is unusually fast.
You occasionally shout uncontrollably at your foes.


Message History

The orc wizard hits you but does no damage.
The orc priest calls down the wrath of Beogh upon you.
Beogh smites you!
* * * LOW HITPOINT WARNING * * *
You slash the orc wizard!
You kill the orc wizard!
You slash the orc priest!
The orc warrior hits you from afar with a trident!
* * * LOW HITPOINT WARNING * * *
An orc high priest comes into view. It is wielding a war axe.
You slash the orc wizard!
You kill the orc wizard!
You slash the orc priest!
You kill the orc priest!
The Shining One accepts your kill.
The orc wizard mumbles some strange words.
The orc wizard blinks!
The orc high priest mumbles some strange prayers to Beogh against you.
Beogh smites you!
You die...

#.....# #...o.# #..#..#
#..o #..# ######## #..o
#..# ##.##.#.## ...
#§.####........# .o
#o..##.#.##...## .
##o.........#..###
##@oo..#..........#
########.)................
.......o.§.........#...#.#
########.#.........[...###
........##..#.).#.## ##
####.....#####..#.)...#. .#
####...########...###......
.### ##.#..#######....#.#
#......
...###...#####.#.....####
##.....


You could see an orc high priest, an orc warrior, an orc priest, 2 orc wizards
and an orc.

Vanquished Creatures
  A minotaur (Lab)
  An orc high priest (Orc:2)
  An orc knight (Orc:1)
  2 orc sorcerers
  Joseph (D:7)
  3 trolls
  2 two-headed ogres
  Grinder (D:3)
  2 hippogriffs
  A wyvern (D:9)
  Grum (D:8)
  A water moccasin (D:9)
  8 orc warriors
  2 sky beasts
  7 ogres
  A necrophage (D:5)
  A phantom (D:6)
  A black bear (D:9)
  2 wolves (D:8)
  2 centaurs (D:8)
  5 bullfrogs
  2 scorpions
  7 killer bees
  4 howler monkeys
  2 crimson imps
  2 bullfrog zombies
  A centaur zombie (D:9)
  4 jellies
  2 bullfrog skeletons
  21 orc priests
  Crazy Yiuf (D:7)
  8 hounds
  22 orc wizards
  Terence (D:2)
  7 worker ants
  A hound zombie (D:8)
  A worker ant zombie (D:8)
  11 adders
  3 shadow imps (D:5)
  An ooze (D:4)
  3 adder skeletons
  2 worms
  2 dart slugs
  5 leopard geckos
  53 orcs
  A ball python (D:1)
  9 giant cockroaches
  8 goblins
  2 hobgoblins
  12 jackals
  4 kobolds
  3 quokkas
  8 bats
  7 frilled lizards
  A quokka skeleton (D:5)
  6 rats
  5 fungi (Orc:2)
278 creatures vanquished.

Vanquished Creatures (others)
  A centaur (D:7)
  2 fungi (Orc:2)
3 creatures vanquished.

Grand Total: 281 creatures vanquished

Notes
Turn   | Place    | Note
-------+----------+-------------------------------------------
     0 | D:1      | Santreim the Minotaur Fighter began the quest for the Orb.
     0 | D:1      | Reached XP level 1. HP: 19/19 MP: 0/0
   204 | D:1      | Reached XP level 2. HP: 27/27 MP: 1/1
   562 | D:1      | Reached XP level 3. HP: 29/33 MP: 2/2
   873 | D:1      | Reached skill level 3 in Axes
  1281 | D:2      | Noticed Terence
  1287 | D:2      | Killed Terence
  1342 | D:2      | Reached XP level 4. HP: 35/40 MP: 3/3
  1911 | D:2      | Found a glowing golden altar of the Shining One.
  1919 | D:2      | Became a worshipper of the Shining One
  2067 | D:3      | Noticed Grinder
  2069 | D:3      | Paralysed by Grinder for 6 turns
  2093 | D:3      | Killed Grinder
  2093 | D:3      | Reached skill level 4 in Axes
  2093 | D:3      | Reached skill level 1 in Dodging
  2093 | D:3      | Reached skill level 5 in Shields
  2093 | D:3      | Reached XP level 5. HP: 29/47 MP: 4/4
  2093 | D:3      | Reached XP level 6. HP: 33/53 MP: 5/5
  2729 | D:3      | Found a bloodstained altar of Trog.
  2896 | D:4      | Reached skill level 5 in Axes
  2935 | D:4      | Reached * piety under the Shining One
  2939 | D:4      | Reached XP level 7. HP: 52/60 MP: 6/6
  3032 | D:4      | Found a burning altar of Makhleb.
  3034 | D:4      | Noticed a balrug
  3043 | D:4      | Noticed a neqoxec
  3043 | D:4      | Noticed an orange demon
  3160 | D:4      | Found a hide-covered altar of Uskayaw.
  3580 | D:4      | Reached skill level 6 in Axes
  3602 | D:4      | Found a staircase to the Ecumenical Temple.
  3629 | D:5      | Entered Level 5 of the Dungeon
  3691 | D:5      | Reached skill level 5 in Armour
  3934 | D:5      | Reached skill level 7 in Axes
  4145 | D:5      | Reached skill level 5 in Fighting
  4145 | D:5      | Reached XP level 8. HP: 68/68 MP: 7/7
  4152 | D:5      | Reached ** piety under the Shining One
  4412 | D:6      | Found an ancient bone altar of Kikubaaqudgha.
  4536 | D:6      | Reached skill level 8 in Axes
  4874 | D:6      | Reached skill level 9 in Axes
  5270 | D:7      | Noticed a hippogriff
  5279 | D:7      | Killed a hippogriff
  5313 | D:7      | Found a glowing silver altar of Zin.
  5334 | D:7      | Noticed Joseph
  5348 | D:7      | Killed Joseph
  5348 | D:7      | Reached XP level 9. HP: 23/74 MP: 8/8
  5768 | D:7      | Got a smoking hand axe
  5769 | D:7      | Identified the +8 hand axe "Vuseerot" {venom, *Contam +Blink Str+7 Stlth+} (You found it on level 7 of the Dungeon)
  5954 | D:7      | Found a runed door.
  5958 | D:7      | Noticed Crazy Yiuf
  5963 | D:7      | Killed Crazy Yiuf
  5963 | D:7      | Reached skill level 10 in Axes
  6066 | D:7      | Found an opulent altar of Gozag.
  6277 | D:7      | Gained mutation: You have sharp toenails. [mutagenic meat]
  6278 | D:7      | Gained mutation: Scrolls take you a little longer to read. [mutagenic meat]
  6279 | D:7      | Gained mutation: You regenerate slowly when monsters are visible. [mutagenic meat]
  6280 | D:7      | Gained mutation: Your mind is acute. (Int +2) [mutagenic meat]
  6281 | D:7      | Gained mutation: You are robust. (+10% HP) [mutagenic meat]
  6691 | D:8      | Reached skill level 11 in Axes
  6693 | D:8      | Noticed Grum
  6703 | D:8      | Killed Grum
  6845 | D:8      | Reached skill level 1 in Stealth
  6885 | D:8      | Reached *** piety under the Shining One
  6907 | D:8      | Lost mutation: Scrolls take you a little longer to read. [potion of cure mutation]
  6907 | D:8      | Lost mutation: You regenerate slowly when monsters are visible. [potion of cure mutation]
  6907 | D:8      | Lost mutation: You are robust. (+10% HP) [potion of cure mutation]
  6907 | D:8      | Lost mutation: Your mind is acute. (Int +2) [potion of cure mutation]
  6907 | D:8      | Lost mutation: You have sharp toenails. [potion of cure mutation]
  6911 | D:8      | Gained mutation: You are frail. (-10% HP) [potion of mutation]
  6911 | D:8      | Gained mutation: You occasionally shout uncontrollably at your foes. [potion of mutation]
  6911 | D:8      | Gained mutation: Your natural rate of healing is unusually fast. [potion of mutation]
  7185 | D:8      | Found a stormy altar of Qazlal.
  7188 | D:8      | Reached XP level 10. HP: 75/75 MP: 9/9
  7684 | D:8      | Reached skill level 12 in Axes
  7782 | D:9      | Found a staircase to the Orcish Mines.
  8074 | D:9      | Found a sacrificial altar of Ru.
  8074 | D:9      | Found a faded altar of an unknown god.
  8079 | D:9      | Found a hazy altar of Hepliaklqana.
  8081 | D:9      | Found a blossoming altar of Fedhas.
  8082 | D:9      | Found a white marble altar of Elyvilon.
  8502 | D:9      | Reached skill level 13 in Axes
  8509 | Orc:1    | Entered Level 1 of the Orcish Mines
  8509 | Orc:1    | Reached **** piety under the Shining One
  8509 | Orc:1    | Noticed an orc knight
  8526 | Orc:1    | Killed an orc knight
  8598 | Orc:1    | Noticed an orc sorcerer
  8606 | Orc:1    | Killed an orc sorcerer
  8649 | Orc:2    | Entered Level 2 of the Orcish Mines
  8649 | Orc:2    | Found a labyrinth entrance.
  8650 | Orc:2    | Noticed an orc sorcerer
  8666 | Orc:2    | Killed an orc sorcerer
  8715 | Orc:2    | Reached XP level 11. HP: 84/84 MP: 10/10
  8747 | Orc:2    | Found a roughly hewn altar of Beogh.
  8748 | Orc:2    | Found a staircase to the Elven Halls.
  8925 | Lab      | Entered a labyrinth
  9199 | Lab      | Noticed a minotaur
  9206 | Lab      | Killed a minotaur
  9206 | Lab      | Reached skill level 14 in Axes
  9206 | Lab      | Reached skill level 10 in Shields
  9207 | Lab      | Identified the Volume of Poisonous Evil Magic
  9208 | Lab      | Got a faintly glowing lead amulet
  9209 | Lab      | Got a pair of brightly glowing boots
  9230 | Orc:2    | Identified the cursed +0 pair of boots of the Game Afoot {rElec rC+} (You found it in a labyrinth)
  9245 | Orc:2    | Identified the amulet "Roso" {Spirit -Tele Int+2 Dex+4} (You found it in a labyrinth)
  9452 | Orc:2    | Noticed an orc high priest
  9452 | Orc:2    | Noticed an orc high priest
  9456 | Orc:2    | Noticed a soul eater
  9477 | Orc:2    | Killed an orc high priest
  9484 | Orc:2    | Noticed an orc high priest
  9484 | Orc:2    | Killed from afar by an orc high priest

Skill      XL: |  1  2  3  4  5  6  7  8  9 10 11 |
---------------+----------------------------------+-----
Fighting       | 4 5 6 8 |  8.5
Armour         | 4 5 6 7 8 |  8.5
Shields        | 4 5 6 8 9 10 | 10.3
Axes           | 3 4 5 7 9 11 13 14 | 14.5
Dodging        | 1 2 3 |  3.7
Stealth        | 1 |  1.3
Invocations    | |  0.4

Action                   |  1- 3 |  4- 6 |  7- 9 | 10-12 || total
-------------------------+-------+-------+-------+-------++-------
Melee: War axe           |    85 |   103 |   260 |   225 ||   673
       Headbutt          |     7 |    18 |    58 |    51 ||   134
Invok: Divine Shield     |       |       |       |     2 ||     2
  Use: Scroll            |     3 |     4 |     9 |    12 ||    28
       Potion            |       |       |    10 |     2 ||    12
  Eat: Fruit             |       |     4 |     3 |       ||     7
       Chunk             |       |     2 |    18 |     4 ||    24
       Beef jerky        |       |       |       |     2 ||     2
Armor: Scale mail        |    50 |    25 |    40 |       ||   115
       Chain mail        |       |       |    36 |    32 ||    68
       Plate armour      |       |       |       |    24 ||    24
Dodge: Dodged            |    29 |    21 |    57 |    42 ||   149
Block: Shield            |    67 |    76 |   180 |   148 ||   471
       Reflection        |     1 |     1 |     5 |     3 ||    10
